 Dungeon Crawl Stone Soup version 0.16.1-2-g95b8d4c (console) character file.

49 gw the Chiller (level 4, -7/31 HPs)
             Began as a Human Ice Elementalist on Mar 25, 2015.
             Mangled by a hobgoblin
             ... wielding a +0 club
             ... led by Robin
              (9 damage)
             ... on level 2 of the Dungeon.
             The game lasted 00:01:48 (2272 turns).

gw the Chiller (Human Ice Elementalist)             Turns: 2272, Time: 00:01:48

Health: -7/31      AC:  2    Str:  8    XL:     4   Next: 1%
Magic:  0/8        EV: 12    Int: 16    God:
Gold:   27         SH:  0    Dex: 14    Spells: 3 memorised, 2 levels left

rFire  + . .     SeeInvis .     b - +0 spear
rCold  . . .     Clarity  +     a - +0 robe
rNeg   . . .     SustAb   .     (no shield)
rPois  .         Gourm    .     (no helmet)
rElec  .         Spirit   .     (no cloak)
rCorr  .         Warding  .     (no gloves)
rMut   .         Stasis   .     (no boots)
MR     .....                    k - amulet of clarity
Stlth  ++........               (no ring)
                                h - ring of protection from fire

@: very slightly contaminated, not resistant to hostile enchantments, unstealthy
A: no striking features
a: no special abilities


You were on level 2 of the Dungeon.
You were near starving.

You visited 1 branch of the dungeon, and saw 2 of its levels.

You collected 27 gold pieces.

Inventory:

Hand weapons
 b - a +0 spear (weapon)
Missiles
 d - 3 javelins (quivered)
 g - 50 stones
 i - 15 poisoned needles
Armour
 a - a +0 robe (worn)
Jewellery
 h - a ring of protection from fire (left hand)
 k - an amulet of clarity (around neck)
Scrolls
 e - a scroll of identify {unknown}
Books
 f - a book of Frost

   Spells                             Type                      Level
   a - Freeze                         Ice                          1
   b - Throw Frost                    Conjuration/Ice              2
   c - Ozocubu's Armour               Charms/Ice                   3
   d - Throw Icicle                   Conjuration/Ice              4
   e - Summon Ice Beast               Ice/Summoning                4
   f - Condensation Shield            Ice                          4
Comestibles
 c - 2 bread rations


   Skills:
 + Level 0.4 Fighting
 + Level 0.8 Polearms
 + Level 1.0 Armour
 - Level 2.0 Dodging
 - Level 2.0 Stealth
 * Level 2.8 Spellcasting
 - Level 1.0 Conjurations
 + Level 3.4 Ice Magic


You had 2 spell levels left.
You knew the following spells:

 Your Spells              Type           Power        Failure   Level  Hunger
a - Freeze                Ice            ##..         6%          1    #......
b - Throw Frost           Conj/Ice       #.....       14%         2    ##.....
c - Ozocubu's Armour      Chrm/Ice       #.......     34%         3    ###....


Dungeon Overview and Level Annotations

Branches:
Dungeon (2/15)

Altars:

Annotations:
D:2 Robin


Message History

The goblin barely misses you. Robin hits you but does no damage.
The hobgoblin hits you with a club.
Unknown command.
Unknown command.
Unknown command.
Unknown command.
ATTACK MOVE TO (0,-1)
You hit the hobgoblin.
You kill the hobgoblin!
You have reached level 4!
You feel agile. The goblin hits you but does no damage.
Robin throws the goblin at you! The goblin barely misses you.
Unknown command.
Unknown command.
Unknown command.
Unknown command.
ATTACK MOVE TO (-1,1)
You barely miss the goblin. Robin barely misses you.
The goblin closely misses you. The hobgoblin hits you with a club!
You die...

### ... ..# #(#
#.# ##K### .g...
#g#.. ##p#)#
#gg#.# #.##.#
#.##.#
###.##.########.
#...............
#...<..#######..
#......>........
#......#######..


You could see Robin, a hobgoblin (frenzied), 2 goblins and a kobold.

Table legend:
 A = Turns spent in this place as a percentage of turns spent in the entire game.
 B = Non-inter-level travel turns spent in this place as a percentage of non-inter-level travel turns spent in the entire game.
 C = Inter-level travel turns spent in this place as a percentage of turns spent in this place.
 D = Turns resting spent in this place as a percentage of non-inter-level travel turns spent in this place.
 E = Turns spent auto-exploring this place as a percentage of non-inter-level travel turns spent in this place.
 F = Non-inter-level travel turns spent in this place divided by the number of levels of this place that you've seen.
                   A       B       C       D       E      F
               +-------+-------+-------+-------+-------+----------------------
         Total | 100.0 | 100.0 |   0.5 |   3.4 |   2.3 | 1118.5
       Dungeon | 100.0 | 100.0 |   0.5 |   3.4 |   2.3 | 1118.5
               +-------+-------+-------+-------+-------+----------------------

Table legend:
 A = Kills in this place as a percentage of kills in entire the game.
 B = Kills by you in this place as a percentage of kills by you in the entire game.
 C = Kills by friends in this place as a percentage of kills by friends in the entire game.
 D = Other kills in this place as a percentage of other kills in the entire game.
 E = Experience gained in this place as a percentage of experience gained in the entire game.
 F = Experience gained in this place divided by the number of levels of this place that you have seen.
                   A       B       C       D       E      F
               +-------+-------+-------+-------+-------+----------------------
         Total | 100.0 | 100.0 |  -nan |  -nan | 100.0 |  35.0
       Dungeon | 100.0 | 100.0 |  -nan |  -nan | 100.0 |  35.0
               +-------+-------+-------+-------+-------+----------------------

Vanquished Creatures
  A worm (D:2)
  A giant gecko (D:1)
  An ooze (D:1)
  4 bats
  3 giant cockroaches
  7 goblins (D:2)
  7 hobgoblins
  5 jackals
  3 giant newts
  A kobold (D:1)
  4 rats (D:1)
37 creatures vanquished.

Notes
Turn   | Place    | Note
--------------------------------------------------------------
     0 | D:1      | gw, the Human Ice Elementalist, began the quest for the Orb.
     0 | D:1      | Reached XP level 1. HP: 13/13 MP: 3/3
   338 | D:1      | Reached XP level 2. HP: 16/19 MP: 0/4
   391 | D:1      | Learned a level 2 spell: Throw Frost
  1137 | D:1      | Reached XP level 3. HP: 24/24 MP: 1/6
  1190 | D:1      | Learned a level 3 spell: Ozocubu's Armour
  1986 | D:2      | Reached skill level 1 in Armour
  2260 | D:2      | Noticed Robin
  2271 | D:2      | Reached XP level 4. HP: 3/31 MP: 0/8
  2272 | D:2      | Mangled by a hobgoblin

Action                   |  1- 3 |  4- 6 || total
-------------------------+-------+-------++-------
Melee: Spear             |    27 |     1 ||    28
Throw: Javelin           |    14 |       ||    14
 Cast: Freeze            |    21 |       ||    21
       Throw Frost       |    35 |       ||    35
  Use: Scroll            |     1 |       ||     1
       Potion            |     1 |       ||     1
  Eat: Chunk             |     5 |       ||     5

Vault maps used:
D:1:      dpeg_arrival_tiny_a, due_unseen_surprise
D:2:      gammafunk_temple_overflow_elements, uniq_iyjb, uniq_robin
